Login

Riots vs Apsos

Created - April 28, 2024 at 11:40

Goals
1 2 3 T
Riots 0 2 0 2
Apsos 1 2 1 4
Shots
1 2 3 T
Riots 5 11 9 25
Apsos 10 15 12 37

GoalsPenalties
1st period
1. Apsos , Adam Larsson 8 (Pavel Buchnevich 44, Moxie Manslammer 44) at 9:53 (PP)
Brayden McNabb (RIV) for Tripping (Minor) at 8:49
Moxie Manslammer (LHA) for Interference (Minor) at 14:43
2nd period
2. Apsos , Phillip Danault 12 (Jack Johnson 14) at 5:17
3. Riots , Anders Lee 17 (Noah Dobson 20, Jean-Gabriel Pageau 18) at 14:28 (PP)
4. Apsos , Moxie Manslammer 23 (Nick Bjugstad 18) at 14:43 (SH)
5. Riots , Cole Caufield 21 (Velyki Hospador 50, Seth Jones 48) at 15:15 (PP)
Kasperi Kapanen (LHA) for Interference (Minor) at 12:58
Phillip Danault (LHA) for Roughing (Minor) at 14:30
Marcus Pettersson (LHA) for Boarding (Minor) at 16:02
3rd period
6. Apsos , Joel Eriksson Ek 23 (Nick Bjugstad 19, Jakub Vrana 22) at 7:36
Jack Johnson (LHA) for Holding (Minor) at 0:44
Andreas Athanasiou (RIV) for Roughing (Minor) at 10:16
Goalie Stats
Marc-Andre Fleury (RIV), 33 saves from 37 shots - (0.892), L, 37-20-8, 60:00 minutes
Alexandar Georgiev (LHA), 23 saves from 25 shots - (0.920), W, 34-16-12, 60:00 minutes
3 StarsOfficial
1 - Adam Larsson (LHA)
2 - Moxie Manslammer (LHA)
3 - Nick Bjugstad (LHA)
Referees : Unknown
Linesman : Unknown
Game Note
No Game Note
Finance
Level 1 -- Attendance: 4321 (72.02%) -- Ticket Income $432,100
Level 2 -- Attendance: 4099 (81.98%) -- Ticket Income $245,940
Level 3 -- Attendance: 1522 (76.10%) -- Ticket Income $53,270
Level 4 -- Attendance: 3260 (81.50%) -- Ticket Income $81,500
Luxury Box -- Attendance: 1000 (100.00%) -- Ticket Income $200,000
Game was played at the Yak Dome.
Total Attendance: 14202 (78.90%)
Total Ticket Income: $1,012,810
Other Income: $405,124
Total Income: $1,417,934



Team Name Goals Shots Shots Attemp Shots Blocked PIM HIT PP PK FO%
Riots 22554124172 / 5 (40%)142%
Apsos 43776910211 / 2 (50%)258%

Riots
Player Name POS G A P +/- PIM HIT SHT SB MP PP MP PP SHT PK MP PK SHT FO% FOT
Anders LeeLW101-1001017:444:3710:0000% 2
Andreas AthanasiouC/LW/RW000-2200014:210:0000:0000% 0
Arber XhekajD000001017:070:0000:0000% 0
Artturi LehkonenLW/RW0000004018:393:3511:570100% 1
Brandon HagelLW0000001017:233:3501:0600% 1
Brayden McNabbD0000220215:230:0000:5900% 0
Brendan GallagherRW000001008:340:0000:0000% 1
Cole CaufieldRW101-1002017:194:3710:0000% 1
Derek ForbortD000-1001415:080:0001:4000% 0
Jakob ChychrunD000-1010118:064:0500:1600% 0
Jean-Gabriel PageauC011-2035118:031:4401:57048% 33
Kirby DachC0000001013:230:1600:00041% 17
Lars EllerC/LW000000008:340:0000:00071% 7
Max PaciorettyLW000-2020014:220:0000:0000% 1
Noah DobsonD011-1001218:574:0700:2500% 0
Rasmus RistolainenD000-2040019:154:0701:2300% 0
Seth JonesD011-1011026:034:0501:2300% 0
Velyki HospadorC/LW011-1028128:346:1221:06034% 29
Apsos
Player Name POS G A P +/- PIM HIT SHT SB MP PP MP PP SHT PK MP PK SHT FO% FOT
Adam LarssonD1011041020:181:0614:3300% 0
Chris KreiderLW/RW0000018018:481:3322:58167% 3
Dmitry KulikovD0001011119:171:5703:3900% 0
Evgeny KuznetsovC000000104:590:0000:10086% 7
Gustav ForslingD0001002014:010:0000:5000% 0
Jack JohnsonD0111211018:261:5702:4900% 0
Jakub VranaLW0111001114:261:3000:00050% 2
Jamie OleksiakD0001020220:181:0604:3300% 0
Joel Eriksson EkC1011012117:361:3002:58057% 21
Kasperi KapanenLW/RW0001212016:420:0000:000100% 1
Marcus PetterssonD0001220013:100:0000:0000% 0
Matt RoyD000002017:140:0000:0000% 0
Mike HoffmanLW/RW0001002017:470:0001:04050% 2
Moxie ManslammerC/LW1121234019:491:3314:00156% 32
Nick BjugstadC/RW0222012024:291:3005:1410% 3
Pavel BuchnevichLW/RW0110014020:271:3300:0000% 0
Phillip DanaultC1011206016:420:0000:00059% 22
TJ BrodieD000001037:140:0000:0000% 0

Riots

5 vs 5 Forward
Line #Left WingCenterRight WingPHYDFOFWanted %Time %Time Play
1Brandon HagelVelyki HospadorCole Caufield1223026%12:42
2Anders LeeKirby DachArtturi Lehkonen1222827%13:07
3Max PaciorettyJean-Gabriel PageauAndreas Athanasiou1222629%14:22
4Velyki HospadorLars EllerBrendan Gallagher1221618%8:34
5 vs 5 Defense
Line #DefenseDefensePHYDFOFWanted %Time %Time Play
1Derek ForbortSeth Jones1223028%13:28
2Rasmus RistolainenJakob Chychrun1222828%13:45
3Brayden McNabbNoah Dobson1222630%14:25
4Arber XhekajSeth Jones1221615%7:07
Power Play Forward
Line #Left WingCenterRight WingPHYDFOFWanted %Time %Time Play
1Anders LeeVelyki HospadorCole Caufield1225556%4:37
2Brandon HagelVelyki HospadorArtturi Lehkonen1224544%3:35
Power Play Defense
Line #DefenseDefensePHYDFOFWanted %Time %Time Play
1Seth JonesJakob Chychrun1225550%4:05
2Noah DobsonRasmus Ristolainen1224550%4:07
Penalty Kill 4 Players Forward
Line #CenterWingPHYDFOFWanted %Time %Time Play
1Jean-Gabriel PageauArtturi Lehkonen1225564%1:57
2Velyki HospadorBrandon Hagel1224536%1:06
Penalty Kill 4 Players Defense
Line #DefenseDefensePHYDFOFWanted %Time %Time Play
1Derek ForbortBrayden McNabb1225555%1:40
2Seth JonesRasmus Ristolainen1224545%1:23
Penalty Kill 3 Players
Line #WingPHYDFOFWanted %Time %Time PlayDefenseDefensePHYDFOFWanted %Time %Time Play
1Jean-Gabriel Pageau122550%0:00 Derek ForbortBrayden McNabb122550%0:00
2Lars Eller122450%0:00 Seth JonesJakob Chychrun122450%0:00
4 vs 4 Forward
Line #CenterWingPHYDFOFWanted %Time %Time Play
1Velyki HospadorArtturi Lehkonen122550%0:00
2Cole CaufieldBrandon Hagel122450%0:00
4 vs 4 Defense
Line #DefensePHYDFOFWanted %Time %Time Play
1Jakob ChychrunNoah Dobson122550%0:00
2Seth JonesRasmus Ristolainen122450%0:00
Last Minutes Offensive
Left WingCenterRight WingDefenseDefense
Artturi LehkonenVelyki HospadorCole CaufieldSeth JonesJakob Chychrun
Last Minutes Defensive
Left WingCenterRight WingDefenseDefense
Brandon HagelJean-Gabriel PageauAndreas AthanasiouDerek ForbortRasmus Ristolainen
Time
Total ForwardTotal DefenseLast Minutes OffensiveLast Minutes Defensive
60:00 60:00 0:000:00
Extra Forwards
Normal PowerPlayPenalty Kill
Jean-Gabriel Pageau, Anders Lee, Max PaciorettyJean-Gabriel Pageau, Artturi LehkonenArtturi Lehkonen
Extra Defensemen
Normal PowerPlayPenalty Kill
Arber Xhekaj, Noah Dobson, Brayden McNabbArber Xhekaj, Noah DobsonJakob Chychrun
Penalty Shots
Velyki Hospador, Artturi Lehkonen, Cole Caufield, Brandon Hagel, Jean-Gabriel Pageau
Goalie
Marc-Andre Fleury, Kevin Lankinen
Custom OT Lines Forwards
Velyki Hospador, Artturi Lehkonen, Cole Caufield, Brandon Hagel, Anders Lee, Jean-Gabriel Pageau, Max Pacioretty, Andreas Athanasiou, Brendan Gallagher, Lars Eller
Custom OT Lines Defensemen
Derek Forbort, Rasmus Ristolainen, Seth Jones, Jakob Chychrun, Brayden McNabb
Scratches
Rasmus Kupari (Healthy), Jakob Silfverberg (Healthy), Kyle Capobianco (Healthy)

Apsos

5 vs 5 Forward
Line #Left WingCenterRight WingPHYDFOFWanted %Time %Time Play
1Pavel BuchnevichMoxie ManslammerChris Kreider1223029%14:17
2Jakub VranaJoel Eriksson EkNick Bjugstad1222827%12:56
3Mike HoffmanPhillip DanaultKasperi Kapanen1222634%16:43
4Pavel BuchnevichEvgeny KuznetsovNick Bjugstad1221610%4:49
5 vs 5 Defense
Line #DefenseDefensePHYDFOFWanted %Time %Time Play
1Jamie OleksiakAdam Larsson1223030%14:39
2Dmitry KulikovJack Johnson1222828%13:41
3Marcus PetterssonGustav Forsling1222627%13:11
4TJ BrodieMatt Roy1221615%7:14
Power Play Forward
Line #Left WingCenterRight WingPHYDFOFWanted %Time %Time Play
1Pavel BuchnevichMoxie ManslammerChris Kreider1225551%1:33
2Jakub VranaJoel Eriksson EkNick Bjugstad1224549%1:30
Power Play Defense
Line #DefenseDefensePHYDFOFWanted %Time %Time Play
1Jamie OleksiakAdam Larsson1225536%1:06
2Dmitry KulikovJack Johnson1224564%1:57
Penalty Kill 4 Players Forward
Line #CenterWingPHYDFOFWanted %Time %Time Play
1Moxie ManslammerNick Bjugstad1225564%5:14
2Joel Eriksson EkChris Kreider1224536%2:58
Penalty Kill 4 Players Defense
Line #DefenseDefensePHYDFOFWanted %Time %Time Play
1Jamie OleksiakAdam Larsson1225555%4:33
2Dmitry KulikovJack Johnson1224545%3:39
Penalty Kill 3 Players
Line #WingPHYDFOFWanted %Time %Time PlayDefenseDefensePHYDFOFWanted %Time %Time Play
1Joel Eriksson Ek122550%0:00 Jamie OleksiakAdam Larsson122550%0:00
2Moxie Manslammer122450%0:00 Dmitry KulikovJack Johnson122450%0:00
4 vs 4 Forward
Line #CenterWingPHYDFOFWanted %Time %Time Play
1Moxie ManslammerPavel Buchnevich122550%0:00
2Joel Eriksson EkChris Kreider122450%0:00
4 vs 4 Defense
Line #DefensePHYDFOFWanted %Time %Time Play
1Jamie OleksiakAdam Larsson122550%0:00
2Dmitry KulikovJack Johnson122450%0:00
Last Minutes Offensive
Left WingCenterRight WingDefenseDefense
Chris KreiderMoxie ManslammerPavel BuchnevichJamie OleksiakAdam Larsson
Last Minutes Defensive
Left WingCenterRight WingDefenseDefense
Nick BjugstadMoxie ManslammerJoel Eriksson EkJamie OleksiakAdam Larsson
Time
Total ForwardTotal DefenseLast Minutes OffensiveLast Minutes Defensive
60:00 60:00 0:000:00
Extra Forwards
Normal PowerPlayPenalty Kill
Joel Eriksson Ek, Phillip Danault, Mike HoffmanJoel Eriksson Ek, Phillip DanaultMike Hoffman
Extra Defensemen
Normal PowerPlayPenalty Kill
Adam Larsson, Gustav Forsling, Jamie OleksiakTJ Brodie, Gustav ForslingAdam Larsson
Penalty Shots
Pavel Buchnevich, Moxie Manslammer, Evgeny Kuznetsov, Joel Eriksson Ek, Nick Bjugstad
Goalie
Alexandar Georgiev, Connor Ingram
Custom OT Lines Forwards
Moxie Manslammer, Pavel Buchnevich, Joel Eriksson Ek, Chris Kreider, Jakub Vrana, Evgeny Kuznetsov, Nick Bjugstad, Mike Hoffman, Phillip Danault, Kasperi Kapanen
Custom OT Lines Defensemen
Adam Larsson, Jamie Oleksiak, Dmitry Kulikov, Gustav Forsling, Jack Johnson
Scratches
Ryan Donato (Healthy), Brett Howden (Healthy), Kaapo Kahkonen (Healthy)


Play-by-Play

1st period


0:01 of 1st period - Moxie Manslammer wins face-off versus Velyki Hospador in neutral zone.
0:16 of 1st period - Shot by Cole Caufield.
0:16 of 1st period - Shot Misses the Net.
0:18 of 1st period - Shot by Velyki Hospador.
0:18 of 1st period - Stopped by Alexandar Georgiev without a rebound.
0:19 of 1st period - Kirby Dach wins face-off versus Joel Eriksson Ek in Apsos zone.
0:30 of 1st period - Shot by Anders Lee.
0:30 of 1st period - Shot Blocked by Joel Eriksson Ek.
0:42 of 1st period - Shot by Jack Johnson.
0:42 of 1st period - Deflect By Joel Eriksson Ek.
0:42 of 1st period - Shot Misses the Net.
1:22 of 1st period - Shot by Kasperi Kapanen.
1:22 of 1st period - Stopped by Marc-Andre Fleury without a rebound.
1:23 of 1st period - Jean-Gabriel Pageau wins face-off versus Moxie Manslammer in Riots zone.
1:46 of 1st period - Shot by Jean-Gabriel Pageau.
1:46 of 1st period - Shot Blocked by TJ Brodie.
1:48 of 1st period - Shot by Noah Dobson.
1:48 of 1st period - Stopped by Alexandar Georgiev without a rebound.
1:49 of 1st period - Phillip Danault wins face-off versus Lars Eller in Apsos zone.
1:55 of 1st period - Icing by Adam Larsson.
1:56 of 1st period - Phillip Danault wins face-off versus Velyki Hospador in Apsos zone.
2:12 of 1st period - Shot by Seth Jones.
2:12 of 1st period - Shot Misses the Net.
2:23 of 1st period - Brandon Hagel is hit by Jamie Oleksiak and loses puck.
2:31 of 1st period - Velyki Hospador is hit by Adam Larsson.
2:40 of 1st period - Icing by Jamie Oleksiak.
2:41 of 1st period - Phillip Danault wins face-off versus Jean-Gabriel Pageau in Apsos zone.
3:04 of 1st period - Shot by Pavel Buchnevich.
3:04 of 1st period - Shot Misses the Net.
3:06 of 1st period - Shot by Evgeny Kuznetsov.
3:06 of 1st period - Shot Misses the Net.
3:08 of 1st period - Shot by Nick Bjugstad.
3:08 of 1st period - Stopped by Marc-Andre Fleury without a rebound.
3:09 of 1st period - Artturi Lehkonen wins face-off versus Moxie Manslammer in Riots zone.
3:24 of 1st period - Shot by Rasmus Ristolainen.
3:24 of 1st period - Shot Misses the Net.
4:13 of 1st period - Shot by Jakub Vrana.
4:13 of 1st period - Shot Misses the Net.
4:19 of 1st period - Shot by Nick Bjugstad.
4:19 of 1st period - Shot Misses the Net.
4:44 of 1st period - Icing by Jakob Chychrun.
4:45 of 1st period - Phillip Danault wins face-off versus Kirby Dach in Riots zone.
5:41 of 1st period - Off-side.
5:42 of 1st period - Jean-Gabriel Pageau wins face-off versus Moxie Manslammer in neutral zone.
5:56 of 1st period - Icing by Jean-Gabriel Pageau.
5:57 of 1st period - Jean-Gabriel Pageau wins face-off versus Nick Bjugstad in Riots zone.
6:04 of 1st period - Jack Johnson is hit by Jean-Gabriel Pageau and loses puck.
6:58 of 1st period - Shot by Velyki Hospador.
6:58 of 1st period - Stopped by Alexandar Georgiev without a rebound.
6:59 of 1st period - Lars Eller wins face-off versus Moxie Manslammer in Apsos zone.
7:39 of 1st period - Pavel Buchnevich is hit by Arber Xhekaj and loses puck.
8:12 of 1st period - Shot by Kasperi Kapanen.
8:12 of 1st period - Deflect By Mike Hoffman.
8:12 of 1st period - Stopped by Marc-Andre Fleury without a rebound.
8:13 of 1st period - Jean-Gabriel Pageau wins face-off versus Phillip Danault in Riots zone.
8:46 of 1st period - Shot by Kasperi Kapanen.
8:46 of 1st period - Shot Misses the Net.
8:49 of 1st period - Minor Penalty to Brayden McNabb for Tripping.
8:50 of 1st period - Joel Eriksson Ek wins face-off versus Jean-Gabriel Pageau in Riots zone.
9:04 of 1st period - Shot by Jakub Vrana.
9:04 of 1st period - Shot Misses the Net.
9:49 of 1st period - Shot by Pavel Buchnevich.
9:49 of 1st period - Shot Misses the Net.
9:51 of 1st period - Shot by Pavel Buchnevich.
9:51 of 1st period - Shot Misses the Net.
9:53 of 1st period - Shot by Adam Larsson.
9:53 of 1st period - Goal by Adam Larsson - Riots : 0 - Apsos : 1.
9:54 of 1st period - Phillip Danault wins face-off versus Brendan Gallagher in neutral zone.
10:19 of 1st period - Icing by Rasmus Ristolainen.
10:20 of 1st period - Lars Eller wins face-off versus Moxie Manslammer in Riots zone.
10:20 of 1st period - Lars Eller is hit by Moxie Manslammer.
10:27 of 1st period - Rasmus Ristolainen is hit by Adam Larsson and loses puck.
10:38 of 1st period - Shot by Moxie Manslammer.
10:38 of 1st period - Stopped by Marc-Andre Fleury without a rebound.
10:39 of 1st period - Joel Eriksson Ek wins face-off versus Kirby Dach in Riots zone.
11:20 of 1st period - Icing by Derek Forbort.
11:21 of 1st period - Chris Kreider wins face-off versus Kirby Dach in Riots zone.
12:15 of 1st period - Kasperi Kapanen is hit by Brayden McNabb.
12:36 of 1st period - Shot by Jamie Oleksiak.
12:36 of 1st period - Shot Misses the Net.
12:55 of 1st period - Icing by Velyki Hospador.
12:56 of 1st period - Velyki Hospador wins face-off versus Joel Eriksson Ek in Riots zone.
13:10 of 1st period - Icing by Marcus Pettersson.
13:11 of 1st period - Jean-Gabriel Pageau wins face-off versus Joel Eriksson Ek in Apsos zone.
13:15 of 1st period - Icing by Gustav Forsling.
13:16 of 1st period - Joel Eriksson Ek wins face-off versus Jean-Gabriel Pageau in Apsos zone.
13:24 of 1st period - Icing by Derek Forbort.
13:25 of 1st period - Evgeny Kuznetsov wins face-off versus Jean-Gabriel Pageau in Riots zone.
13:38 of 1st period - Jean-Gabriel Pageau is hit by Dmitry Kulikov and loses puck.
13:47 of 1st period - Shot by Andreas Athanasiou.
13:47 of 1st period - Shot Blocked by Dmitry Kulikov.
13:49 of 1st period - Shot by Seth Jones.
13:49 of 1st period - Stopped by Alexandar Georgiev without a rebound.
13:50 of 1st period - Phillip Danault wins face-off versus Kirby Dach in Apsos zone.
14:04 of 1st period - Shot by Phillip Danault.
14:04 of 1st period - Stopped by Marc-Andre Fleury without a rebound.
14:05 of 1st period - Lars Eller wins face-off versus Chris Kreider in Riots zone.
14:05 of 1st period - Lars Eller is hit by Moxie Manslammer.
14:43 of 1st period - Minor Penalty to Moxie Manslammer for Interference.
14:44 of 1st period - Mike Hoffman wins face-off versus Velyki Hospador in Apsos zone.
15:01 of 1st period - Shot by Velyki Hospador.
15:01 of 1st period - Stopped by Alexandar Georgiev without a rebound.
15:02 of 1st period - Velyki Hospador wins face-off versus Mike Hoffman in Apsos zone.
16:15 of 1st period - Anders Lee is hit by Jamie Oleksiak and loses puck.
16:20 of 1st period - Shot by Jean-Gabriel Pageau.
16:20 of 1st period - Shot Misses the Net.
16:22 of 1st period - Shot by Rasmus Ristolainen.
16:22 of 1st period - Shot Blocked by Jamie Oleksiak.
16:42 of 1st period - Shot by Artturi Lehkonen.
16:42 of 1st period - Shot Misses the Net.
16:49 of 1st period - Marcus Pettersson is hit by Seth Jones and loses puck.
17:00 of 1st period - Shot by Phillip Danault.
17:00 of 1st period - Stopped by Marc-Andre Fleury with a rebound.
17:02 of 1st period - Shot by Phillip Danault.
17:02 of 1st period - Stopped by Marc-Andre Fleury without a rebound.
17:03 of 1st period - Lars Eller wins face-off versus Moxie Manslammer in Riots zone.
17:09 of 1st period - Moxie Manslammer is hit by Brendan Gallagher and loses puck.
17:23 of 1st period - Shot by Pavel Buchnevich.
17:23 of 1st period - Shot Blocked by Noah Dobson.
17:29 of 1st period - Shot by Moxie Manslammer.
17:29 of 1st period - Shot Misses the Net.
17:31 of 1st period - Shot by Moxie Manslammer.
17:31 of 1st period - Shot Misses the Net.
17:35 of 1st period - Shot by Moxie Manslammer.
17:35 of 1st period - Shot Misses the Net.
18:01 of 1st period - Shot by Nick Bjugstad.
18:01 of 1st period - Shot Blocked by Noah Dobson.
18:03 of 1st period - Shot by Nick Bjugstad.
18:03 of 1st period - Shot Blocked by Brayden McNabb.
18:20 of 1st period - Shot by Joel Eriksson Ek.
18:20 of 1st period - Shot Blocked by Velyki Hospador.
19:13 of 1st period - Noah Dobson is hit by Adam Larsson and loses puck.
19:26 of 1st period - Jamie Oleksiak is hit by Velyki Hospador and loses puck.
19:47 of 1st period - Shot by Chris Kreider.
19:47 of 1st period - Stopped by Marc-Andre Fleury with a rebound.
19:49 of 1st period - Shot by Pavel Buchnevich.
19:49 of 1st period - Stopped by Marc-Andre Fleury without a rebound.
19:50 of 1st period - Jean-Gabriel Pageau wins face-off versus Nick Bjugstad in Riots zone.
19:52 of 1st period - Icing by Andreas Athanasiou.
19:53 of 1st period - Evgeny Kuznetsov wins face-off versus Jean-Gabriel Pageau in Riots zone.
Goals for this period are 0 for Riots vs 1 for Apsos.
Shots for this period are 5 for Riots vs 10 for Apsos.

2nd period


0:01 of 2nd period - Velyki Hospador wins face-off versus Evgeny Kuznetsov in neutral zone.
0:01 of 2nd period - Seth Jones is hit by Nick Bjugstad and loses puck.
0:13 of 2nd period - Velyki Hospador is hit by Marcus Pettersson.
0:17 of 2nd period - Shot by Cole Caufield.
0:17 of 2nd period - Stopped by Alexandar Georgiev with a rebound.
0:50 of 2nd period - Evgeny Kuznetsov is hit by Jakob Chychrun and loses puck.
1:18 of 2nd period - Andreas Athanasiou is hit by Marcus Pettersson.
1:57 of 2nd period - Kirby Dach is hit by Jack Johnson and loses puck.
2:15 of 2nd period - Icing by Artturi Lehkonen.
2:16 of 2nd period - Chris Kreider wins face-off versus Kirby Dach in Riots zone.
2:27 of 2nd period - Shot by Chris Kreider.
2:27 of 2nd period - Stopped by Marc-Andre Fleury without a rebound.
2:28 of 2nd period - Velyki Hospador wins face-off versus Phillip Danault in Riots zone.
2:35 of 2nd period - Shot by Velyki Hospador.
2:35 of 2nd period - Deflect By Cole Caufield.
2:35 of 2nd period - Shot Misses the Net.
3:53 of 2nd period - Icing by Seth Jones.
3:54 of 2nd period - Joel Eriksson Ek wins face-off versus Velyki Hospador in Riots zone.
3:59 of 2nd period - Shot by Jakub Vrana.
3:59 of 2nd period - Shot Misses the Net.
4:03 of 2nd period - Shot by Joel Eriksson Ek.
4:03 of 2nd period - Deflect By Jakub Vrana.
4:03 of 2nd period - Shot Blocked by Derek Forbort.
4:05 of 2nd period - Shot by Dmitry Kulikov.
4:05 of 2nd period - Shot Misses the Net.
4:07 of 2nd period - Shot by Joel Eriksson Ek.
4:07 of 2nd period - Shot Hit the Post.
4:09 of 2nd period - Shot by Dmitry Kulikov.
4:09 of 2nd period - Deflect By Joel Eriksson Ek.
4:09 of 2nd period - Stopped by Marc-Andre Fleury with a rebound.
4:11 of 2nd period - Shot by Joel Eriksson Ek.
4:11 of 2nd period - Shot Blocked by Derek Forbort.
4:13 of 2nd period - Shot by Jack Johnson.
4:13 of 2nd period - Stopped by Marc-Andre Fleury without a rebound.
4:14 of 2nd period - Jean-Gabriel Pageau wins face-off versus Phillip Danault in Riots zone.
4:27 of 2nd period - Shot by Andreas Athanasiou.
4:27 of 2nd period - Deflect By Jean-Gabriel Pageau.
4:27 of 2nd period - Stopped by Alexandar Georgiev without a rebound.
4:28 of 2nd period - Kirby Dach wins face-off versus Moxie Manslammer in Apsos zone.
4:33 of 2nd period - Shot by Kirby Dach.
4:33 of 2nd period - Deflect By Artturi Lehkonen.
4:33 of 2nd period - Shot Misses the Net.
4:35 of 2nd period - Shot by Artturi Lehkonen.
4:35 of 2nd period - Stopped by Alexandar Georgiev without a rebound.
4:36 of 2nd period - Phillip Danault wins face-off versus Jean-Gabriel Pageau in Apsos zone.
4:40 of 2nd period - Off-side.
4:41 of 2nd period - Jean-Gabriel Pageau wins face-off versus Phillip Danault in neutral zone.
5:17 of 2nd period - Shot by Phillip Danault.
5:17 of 2nd period - Goal by Phillip Danault - Riots : 0 - Apsos : 2.
5:18 of 2nd period - Kirby Dach wins face-off versus Joel Eriksson Ek in neutral zone.
5:22 of 2nd period - Kirby Dach is hit by Adam Larsson and loses puck.
6:08 of 2nd period - Off-side.
6:09 of 2nd period - Moxie Manslammer wins face-off versus Velyki Hospador in neutral zone.
6:42 of 2nd period - Shot by Brandon Hagel.
6:42 of 2nd period - Shot Misses the Net.
7:17 of 2nd period - Shot by Phillip Danault.
7:17 of 2nd period - Shot Misses the Net.
7:55 of 2nd period - Shot by Noah Dobson.
7:55 of 2nd period - Shot Blocked by TJ Brodie.
8:12 of 2nd period - Icing by Brayden McNabb.
8:13 of 2nd period - Moxie Manslammer wins face-off versus Anders Lee in Riots zone.
9:15 of 2nd period - Icing by Arber Xhekaj.
9:16 of 2nd period - Lars Eller wins face-off versus Joel Eriksson Ek in Riots zone.
10:18 of 2nd period - Andreas Athanasiou is hit by Matt Roy.
10:20 of 2nd period - Shot by Jean-Gabriel Pageau.
10:20 of 2nd period - Stopped by Alexandar Georgiev without a rebound.
10:21 of 2nd period - Kirby Dach wins face-off versus Moxie Manslammer in Apsos zone.
10:22 of 2nd period - Shot by Artturi Lehkonen.
10:22 of 2nd period - Stopped by Alexandar Georgiev with a rebound.
10:34 of 2nd period - Shot by Gustav Forsling.
10:34 of 2nd period - Stopped by Marc-Andre Fleury without a rebound.
10:35 of 2nd period - Phillip Danault wins face-off versus Cole Caufield in Riots zone.
10:36 of 2nd period - Shot by Kasperi Kapanen.
10:36 of 2nd period - Shot Blocked by Derek Forbort.
11:04 of 2nd period - Shot by Velyki Hospador.
11:04 of 2nd period - Stopped by Alexandar Georgiev without a rebound.
11:05 of 2nd period - Evgeny Kuznetsov wins face-off versus Max Pacioretty in Apsos zone.
11:11 of 2nd period - Marcus Pettersson is hit by Rasmus Ristolainen and loses puck.
11:14 of 2nd period - Shot by Evgeny Kuznetsov.
11:14 of 2nd period - Stopped by Marc-Andre Fleury with a rebound.
11:16 of 2nd period - Shot by Gustav Forsling.
11:16 of 2nd period - Stopped by Marc-Andre Fleury without a rebound.
11:17 of 2nd period - Moxie Manslammer wins face-off versus Kirby Dach in Riots zone.
11:19 of 2nd period - Chris Kreider is hit by Brayden McNabb.
11:27 of 2nd period - Shot by Pavel Buchnevich.
11:27 of 2nd period - Stopped by Marc-Andre Fleury with a rebound.
11:29 of 2nd period - Shot by Dmitry Kulikov.
11:29 of 2nd period - Stopped by Marc-Andre Fleury without a rebound.
11:30 of 2nd period - Jean-Gabriel Pageau wins face-off versus Joel Eriksson Ek in Riots zone.
11:36 of 2nd period - Seth Jones is hit by TJ Brodie and loses puck.
12:20 of 2nd period - Moxie Manslammer is hit by Max Pacioretty and loses puck.
12:37 of 2nd period - Shot by Moxie Manslammer.
12:37 of 2nd period - Shot Misses the Net.
12:47 of 2nd period - Shot by Chris Kreider.
12:47 of 2nd period - Stopped by Marc-Andre Fleury without a rebound.
12:48 of 2nd period - Phillip Danault wins face-off versus Velyki Hospador in Riots zone.
12:51 of 2nd period - Shot by Mike Hoffman.
12:51 of 2nd period - Shot Misses the Net.
12:58 of 2nd period - Minor Penalty to Kasperi Kapanen for Interference.
12:59 of 2nd period - Moxie Manslammer wins face-off versus Velyki Hospador in Apsos zone.
13:28 of 2nd period - Shot by Cole Caufield.
13:28 of 2nd period - Shot Misses the Net.
13:38 of 2nd period - Shot by Velyki Hospador.
13:38 of 2nd period - Shot Misses the Net.
13:40 of 2nd period - Shot by Velyki Hospador.
13:40 of 2nd period - Stopped by Alexandar Georgiev without a rebound.
13:41 of 2nd period - Moxie Manslammer wins face-off versus Brandon Hagel in Apsos zone.
13:41 of 2nd period - Moxie Manslammer is hit by Velyki Hospador.
13:57 of 2nd period - Shot by Moxie Manslammer.
13:57 of 2nd period - Shot Blocked by Jakob Chychrun.
14:05 of 2nd period - Shot by Nick Bjugstad.
14:05 of 2nd period - Deflect By Moxie Manslammer.
14:05 of 2nd period - Shot Misses the Net.
14:07 of 2nd period - Shot by Moxie Manslammer.
14:07 of 2nd period - Shot Misses the Net.
14:19 of 2nd period - Shot by Moxie Manslammer.
14:19 of 2nd period - Deflect By Nick Bjugstad.
14:19 of 2nd period - Stopped by Marc-Andre Fleury without a rebound.
14:20 of 2nd period - Jean-Gabriel Pageau wins face-off versus Joel Eriksson Ek in Riots zone.
14:20 of 2nd period - Jean-Gabriel Pageau is hit by Chris Kreider.
14:28 of 2nd period - Shot by Anders Lee.
14:28 of 2nd period - Goal by Anders Lee - Riots : 1 - Apsos : 2.
14:29 of 2nd period - Jean-Gabriel Pageau wins face-off versus Phillip Danault in neutral zone.
14:29 of 2nd period - Jean-Gabriel Pageau is hit by Kasperi Kapanen.
14:30 of 2nd period - Minor Penalty to Phillip Danault for Roughing.
14:31 of 2nd period - Moxie Manslammer wins face-off versus Velyki Hospador in Apsos zone.
14:37 of 2nd period - Icing by Velyki Hospador.
14:38 of 2nd period - Moxie Manslammer wins face-off versus Velyki Hospador in Riots zone.
14:43 of 2nd period - Shot by Moxie Manslammer.
14:43 of 2nd period - Goal by Moxie Manslammer - Riots : 1 - Apsos : 3.
14:44 of 2nd period - Moxie Manslammer wins face-off versus Anders Lee in neutral zone.
15:15 of 2nd period - Shot by Cole Caufield.
15:15 of 2nd period - Goal by Cole Caufield - Riots : 2 - Apsos : 3.
15:16 of 2nd period - Phillip Danault wins face-off versus Jean-Gabriel Pageau in neutral zone.
15:26 of 2nd period - Shot by Mike Hoffman.
15:26 of 2nd period - Deflect By Phillip Danault.
15:26 of 2nd period - Stopped by Marc-Andre Fleury without a rebound.
15:27 of 2nd period - Moxie Manslammer wins face-off versus Kirby Dach in Riots zone.
16:02 of 2nd period - Minor Penalty to Marcus Pettersson for Boarding.
16:03 of 2nd period - Velyki Hospador wins face-off versus Moxie Manslammer in Apsos zone.
16:14 of 2nd period - Shot by Brandon Hagel.
16:14 of 2nd period - Shot Misses the Net.
16:16 of 2nd period - Shot by Rasmus Ristolainen.
16:16 of 2nd period - Shot Blocked by Jamie Oleksiak.
16:20 of 2nd period - Shot by Brandon Hagel.
16:20 of 2nd period - Shot Misses the Net.
16:22 of 2nd period - Shot by Velyki Hospador.
16:22 of 2nd period - Deflect By Artturi Lehkonen.
16:22 of 2nd period - Stopped by Alexandar Georgiev without a rebound.
16:23 of 2nd period - Joel Eriksson Ek wins face-off versus Velyki Hospador in Apsos zone.
16:28 of 2nd period - Anders Lee is hit by Joel Eriksson Ek and loses puck.
17:10 of 2nd period - Icing by Velyki Hospador.
17:11 of 2nd period - Moxie Manslammer wins face-off versus Velyki Hospador in Riots zone.
17:40 of 2nd period - Nick Bjugstad is hit by Jean-Gabriel Pageau and loses puck.
18:21 of 2nd period - Shot by Phillip Danault.
18:21 of 2nd period - Stopped by Marc-Andre Fleury without a rebound.
18:22 of 2nd period - Evgeny Kuznetsov wins face-off versus Lars Eller in Riots zone.
19:16 of 2nd period - Shot by Phillip Danault.
19:16 of 2nd period - Deflect By Mike Hoffman.
19:16 of 2nd period - Stopped by Marc-Andre Fleury without a rebound.
19:17 of 2nd period - Kirby Dach wins face-off versus Phillip Danault in Riots zone.
19:26 of 2nd period - Shot by Artturi Lehkonen.
19:26 of 2nd period - Stopped by Alexandar Georgiev without a rebound.
19:27 of 2nd period - Jean-Gabriel Pageau wins face-off versus Moxie Manslammer in Apsos zone.
19:35 of 2nd period - Moxie Manslammer is hit by Rasmus Ristolainen and loses puck.
Goals for this period are 2 for Riots vs 2 for Apsos.
Shots for this period are 11 for Riots vs 15 for Apsos.

3rd period


0:01 of 3rd period - Velyki Hospador wins face-off versus Jakub Vrana in neutral zone.
0:41 of 3rd period - Icing by Joel Eriksson Ek.
0:42 of 3rd period - Kirby Dach wins face-off versus Nick Bjugstad in Apsos zone.
0:44 of 3rd period - Minor Penalty to Jack Johnson for Holding.
0:45 of 3rd period - Velyki Hospador wins face-off versus Moxie Manslammer in Apsos zone.
1:03 of 3rd period - Icing by Velyki Hospador.
1:04 of 3rd period - Joel Eriksson Ek wins face-off versus Velyki Hospador in Riots zone.
1:27 of 3rd period - Shot by Chris Kreider.
1:27 of 3rd period - Stopped by Marc-Andre Fleury without a rebound.
1:28 of 3rd period - Moxie Manslammer wins face-off versus Velyki Hospador in Riots zone.
1:28 of 3rd period - Moxie Manslammer is hit by Rasmus Ristolainen.
1:54 of 3rd period - Shot by Nick Bjugstad.
1:54 of 3rd period - Shot Misses the Net.
2:12 of 3rd period - Icing by Brandon Hagel.
2:13 of 3rd period - Velyki Hospador wins face-off versus Joel Eriksson Ek in Riots zone.
2:47 of 3rd period - Andreas Athanasiou is hit by Matt Roy and loses puck.
2:54 of 3rd period - Shot by Jean-Gabriel Pageau.
2:54 of 3rd period - Shot Misses the Net.
3:14 of 3rd period - Shot by Max Pacioretty.
3:14 of 3rd period - Shot Blocked by Matt Roy.
3:41 of 3rd period - Icing by Kirby Dach.
3:42 of 3rd period - Joel Eriksson Ek wins face-off versus Kirby Dach in Riots zone.
4:09 of 3rd period - Shot by Nick Bjugstad.
4:09 of 3rd period - Shot Misses the Net.
4:15 of 3rd period - Shot by Jakub Vrana.
4:15 of 3rd period - Stopped by Marc-Andre Fleury without a rebound.
4:16 of 3rd period - Moxie Manslammer wins face-off versus Velyki Hospador in Riots zone.
4:21 of 3rd period - Shot by Moxie Manslammer.
4:21 of 3rd period - Stopped by Marc-Andre Fleury without a rebound.
4:22 of 3rd period - Jean-Gabriel Pageau wins face-off versus Moxie Manslammer in Riots zone.
4:31 of 3rd period - Shot by Jean-Gabriel Pageau.
4:31 of 3rd period - Stopped by Alexandar Georgiev without a rebound.
4:32 of 3rd period - Phillip Danault wins face-off versus Velyki Hospador in Apsos zone.
4:51 of 3rd period - Shot by Kasperi Kapanen.
4:51 of 3rd period - Stopped by Marc-Andre Fleury without a rebound.
4:52 of 3rd period - Evgeny Kuznetsov wins face-off versus Jean-Gabriel Pageau in Riots zone.
4:57 of 3rd period - Shot by Pavel Buchnevich.
4:57 of 3rd period - Stopped by Marc-Andre Fleury without a rebound.
4:58 of 3rd period - Evgeny Kuznetsov wins face-off versus Jean-Gabriel Pageau in Riots zone.
5:05 of 3rd period - Shot by Evgeny Kuznetsov.
5:05 of 3rd period - Shot Blocked by Arber Xhekaj.
5:17 of 3rd period - Jamie Oleksiak is hit by Max Pacioretty.
5:51 of 3rd period - Shot by Velyki Hospador.
5:51 of 3rd period - Deflect By Cole Caufield.
5:51 of 3rd period - Shot Misses the Net.
6:31 of 3rd period - Icing by Jack Johnson.
6:32 of 3rd period - Kirby Dach wins face-off versus Phillip Danault in Apsos zone.
6:56 of 3rd period - Icing by Jack Johnson.
6:57 of 3rd period - Kasperi Kapanen wins face-off versus Jean-Gabriel Pageau in Apsos zone.
7:21 of 3rd period - Icing by Andreas Athanasiou.
7:22 of 3rd period - Joel Eriksson Ek wins face-off versus Jean-Gabriel Pageau in Riots zone.
7:34 of 3rd period - Shot by Nick Bjugstad.
7:34 of 3rd period - Shot Misses the Net.
7:36 of 3rd period - Shot by Joel Eriksson Ek.
7:36 of 3rd period - Goal by Joel Eriksson Ek - Riots : 2 - Apsos : 4.
7:37 of 3rd period - Moxie Manslammer wins face-off versus Velyki Hospador in neutral zone.
7:46 of 3rd period - Shot by Chris Kreider.
7:46 of 3rd period - Stopped by Marc-Andre Fleury without a rebound.
7:47 of 3rd period - Moxie Manslammer wins face-off versus Kirby Dach in Riots zone.
7:52 of 3rd period - Shot by Pavel Buchnevich.
7:52 of 3rd period - Shot Misses the Net.
7:56 of 3rd period - Shot by Moxie Manslammer.
7:56 of 3rd period - Shot Misses the Net.
8:22 of 3rd period - Noah Dobson is hit by Pavel Buchnevich and loses puck.
8:58 of 3rd period - Shot by Brandon Hagel.
8:58 of 3rd period - Stopped by Alexandar Georgiev without a rebound.
8:59 of 3rd period - Jean-Gabriel Pageau wins face-off versus Phillip Danault in Apsos zone.
9:08 of 3rd period - Shot by Max Pacioretty.
9:08 of 3rd period - Deflect By Jean-Gabriel Pageau.
9:08 of 3rd period - Stopped by Alexandar Georgiev without a rebound.
9:09 of 3rd period - Velyki Hospador wins face-off versus Phillip Danault in Apsos zone.
9:12 of 3rd period - Shot by Brandon Hagel.
9:12 of 3rd period - Shot Blocked by TJ Brodie.
9:14 of 3rd period - Shot by Brandon Hagel.
9:14 of 3rd period - Shot Misses the Net.
9:16 of 3rd period - Shot by Seth Jones.
9:16 of 3rd period - Shot Misses the Net.
9:28 of 3rd period - Shot by Velyki Hospador.
9:28 of 3rd period - Shot Misses the Net.
9:34 of 3rd period - Shot by Seth Jones.
9:34 of 3rd period - Shot Misses the Net.
9:36 of 3rd period - Shot by Derek Forbort.
9:36 of 3rd period - Stopped by Alexandar Georgiev without a rebound.
9:37 of 3rd period - Jakub Vrana wins face-off versus Jean-Gabriel Pageau in Apsos zone.
10:02 of 3rd period - Adam Larsson is hit by Jean-Gabriel Pageau and loses puck.
10:16 of 3rd period - Minor Penalty to Andreas Athanasiou for Roughing.
10:17 of 3rd period - Moxie Manslammer wins face-off versus Jean-Gabriel Pageau in Riots zone.
10:22 of 3rd period - Shot by Chris Kreider.
10:22 of 3rd period - Stopped by Marc-Andre Fleury without a rebound.
10:23 of 3rd period - Moxie Manslammer wins face-off versus Jean-Gabriel Pageau in Riots zone.
10:26 of 3rd period - Shot by Pavel Buchnevich.
10:26 of 3rd period - Shot Blocked by Brayden McNabb.
10:28 of 3rd period - Shot by Chris Kreider.
10:28 of 3rd period - Stopped by Marc-Andre Fleury without a rebound.
10:29 of 3rd period - Jean-Gabriel Pageau wins face-off versus Moxie Manslammer in Riots zone.
10:54 of 3rd period - Shot by Moxie Manslammer.
10:54 of 3rd period - Stopped by Marc-Andre Fleury without a rebound.
10:55 of 3rd period - Joel Eriksson Ek wins face-off versus Jean-Gabriel Pageau in Riots zone.
11:18 of 3rd period - Shot by Adam Larsson.
11:18 of 3rd period - Shot Blocked by Jean-Gabriel Pageau.
12:43 of 3rd period - Shot by Velyki Hospador.
12:43 of 3rd period - Stopped by Alexandar Georgiev with a rebound.
12:45 of 3rd period - Shot by Arber Xhekaj.
12:45 of 3rd period - Shot Misses the Net.
13:27 of 3rd period - Icing by Gustav Forsling.
13:28 of 3rd period - Phillip Danault wins face-off versus Jean-Gabriel Pageau in Apsos zone.
13:42 of 3rd period - Off-side.
13:43 of 3rd period - Joel Eriksson Ek wins face-off versus Velyki Hospador in neutral zone.
13:57 of 3rd period - Shot by Brandon Hagel.
13:57 of 3rd period - Shot Blocked by Jakub Vrana.
13:59 of 3rd period - Shot by Velyki Hospador.
13:59 of 3rd period - Stopped by Alexandar Georgiev with a rebound.
14:08 of 3rd period - Nick Bjugstad is hit by Rasmus Ristolainen and loses puck.
15:16 of 3rd period - Shot by Chris Kreider.
15:16 of 3rd period - Stopped by Marc-Andre Fleury with a rebound.
15:20 of 3rd period - Shot by Pavel Buchnevich.
15:20 of 3rd period - Shot Blocked by Derek Forbort.
15:48 of 3rd period - Shot by Jean-Gabriel Pageau.
15:48 of 3rd period - Shot Misses the Net.
16:08 of 3rd period - Shot by Pavel Buchnevich.
16:08 of 3rd period - Stopped by Marc-Andre Fleury without a rebound.
16:09 of 3rd period - Joel Eriksson Ek wins face-off versus Velyki Hospador in Riots zone.
16:21 of 3rd period - Icing by Rasmus Ristolainen.
16:22 of 3rd period - Moxie Manslammer wins face-off versus Velyki Hospador in Riots zone.
16:49 of 3rd period - Shot by Velyki Hospador.
16:49 of 3rd period - Stopped by Alexandar Georgiev without a rebound.
16:50 of 3rd period - Jean-Gabriel Pageau wins face-off versus Joel Eriksson Ek in Apsos zone.
18:14 of 3rd period - Shot by Kasperi Kapanen.
18:14 of 3rd period - Shot Misses the Net.
18:17 of 3rd period - Icing by Seth Jones.
18:18 of 3rd period - Velyki Hospador wins face-off versus Moxie Manslammer in Riots zone.
18:18 of 3rd period - Seth Jones is hit by Moxie Manslammer and loses puck.
19:39 of 3rd period - Shot by Kirby Dach.
19:39 of 3rd period - Stopped by Alexandar Georgiev without a rebound.
19:40 of 3rd period - Joel Eriksson Ek wins face-off versus Jean-Gabriel Pageau in Apsos zone.
19:53 of 3rd period - Shot by Jean-Gabriel Pageau.
19:53 of 3rd period - Stopped by Alexandar Georgiev without a rebound.
19:54 of 3rd period - Phillip Danault wins face-off versus Kirby Dach in Apsos zone.
Goals for this period are 0 for Riots vs 1 for Apsos.
Shots for this period are 9 for Riots vs 12 for Apsos.